 Dungeon Crawl Stone Soup version 0.27-a0-679-g77a6b55cf3 (webtiles) character file.

Game seed: 12535983837334523824

8729 robertstho the Frost Mage (level 11, 0/78 (81) HPs)
             Began as a Gnoll Ice Elementalist on Mar 18, 2021.
             Was a Priest of Sif Muna.
             Killed by vampiric draining
             ... invoked by Josephine
              (25 damage)
             ... on level 11 of the Dungeon.
             The game lasted 00:26:11 (13816 turns).

robertstho the Frost Mage (Gnoll Ice Elementalist) Turns: 13816, Time: 00:26:12

HP:   0/78 (81)     AC: 25    Str:  8    XL:     11   Next: 35%
MP:   18/23         EV: 19    Int: 18    God:    Sif Muna [***...]
Gold: 288           SH:  0    Dex: 12    Spells: 11/26 levels left

rFire    . . .     SeeInvis .   e - +3 dire flail (protect)
rCold    . . .     Faith    .   (shield currently unavailable)
rNeg     . . .     Spirit   .   l - +2 robe {Will+}
rPois    .         Reflect  .   C - +2 helmet
rElec    .         Harm     .   y - +2 cloak
rCorr    .         Rampage  .   m - +2 pair of gloves
Will     +....                  (no boots)
Stlth    +++.......             o - amulet of magic regeneration
HPRegen  0.23/turn              f - +4 ring of protection
MPRegen  0.43/turn              j - +4 ring of evasion

@: protection aura, lightly drained
A: fangs 1, strong nose, distributed training
a: Renounce Religion, Channel Magic, Forget Spell


You were on level 11 of the Dungeon.
You worshipped Sif Muna.
Sif Muna was most pleased with you.
You visited 2 branches of the dungeon, and saw 12 of its levels.

You collected 633 gold pieces.
You spent 345 gold pieces at shops.

Inventory:

Hand Weapons
 b - a +0 hunting sling of flaming
 e - a +3 dire flail of protection (weapon)
 v - a +1 double sword of flaming
 F - the +9 glaive of the Ship {vorpal, rC+}
   (You bought it in a shop on level 8 of the Dungeon)

   It inflicts extra damage upon your enemies.
   It protects you from cold.
Missiles
 c - 78 sling bullets
 d - 301 stones
Armour
 l - a +2 robe of willpower (worn)
 m - a +2 pair of gloves (worn)
 y - a +2 cloak (worn)
 C - a +2 helmet (worn)
Jewellery
 a - a +6 ring of strength
 f - a +4 ring of protection (right hand)
 h - a ring of ice
 j - a +4 ring of evasion (left hand)
 o - an amulet of magic regeneration (around neck)
Wands
 s - a wand of digging (8)
Scrolls
 i - a scroll of summoning
 n - 2 scrolls of fear
 p - a scroll of blinking
 q - a scroll of holy word
 r - 3 scrolls of identify
 t - 2 scrolls of silence
 u - 2 scrolls of fog
 w - 2 scrolls of immolation
 x - 2 scrolls of teleportation
 B - a scroll of enchant armour
 D - a scroll of enchant weapon
Potions
 g - a potion of flight
 k - 2 potions of lignification
 z - 2 potions of curing
 A - 2 potions of brilliance


   Skills:
 + Level 6.2 Fighting
 + Level 6.2 Short Blades
 + Level 6.2 Long Blades
 + Level 6.2 Axes
 + Level 6.2 Maces & Flails
 + Level 6.2 Polearms
 + Level 6.2 Staves
 + Level 6.2 Slings
 + Level 6.2 Bows
 + Level 6.2 Crossbows
 + Level 6.2 Throwing
 + Level 6.2 Armour
 + Level 7.8 Dodging
 + Level 7.6 Stealth
 + Level 6.2 Shields
 + Level 6.2 Unarmed Combat
 + Level 8.1 Spellcasting
 + Level 5.1 Conjurations
 + Level 5.1 Hexes
 + Level 5.1 Summonings
 + Level 5.1 Necromancy
 + Level 5.1 Translocations
 + Level 5.1 Transmutations
 + Level 5.1 Fire Magic
 + Level 8.9 Ice Magic
 + Level 5.1 Air Magic
 + Level 5.1 Earth Magic
 + Level 5.1 Poison Magic
 + Level 6.8 Invocations
 + Level 6.2 Evocations


You had 11 spell levels left.
You knew the following spells:

 Your Spells              Type           Power      Damage    Failure   Level
a - Freeze                Ice            100%       1d11      1%          1
b - Frozen Ramparts       Ice            78%        1d9       1%          3
c - Ozocubu's Armour      Ice            39%        N/A       1%          3
d - Hailstorm             Conj/Ice       32%        3d8       5%          4
e - Summon Ice Beast      Ice/Summ       32%        N/A       5%          4

Your spell library contained the following spells:

 Spells                   Type           Power      Damage    Failure   Level


Dungeon Overview and Level Annotations

Branches:
Dungeon (11/15)            Temple (1/1) D:6
   Lair: D:8-11         Orc: D:9-12

Altars:
Ashenzari
Cheibriados
Dithmenos
Elyvilon
Fedhas
Gozag
Hepliaklqana
Kikubaaqudgha
Makhleb
Nemelex Xobeh
Okawaru
Qazlal
Ru
Sif Muna
Trog
Uskayaw
Vehumet
Wu Jian
Xom
Yredelemnul
Zin
The Shining One

Shops:
D:7 (   D:8 [[((

Annotations:
D:8 Cloak / gloves in shop 256 helmet
D:11 Josephine


Innate Abilities, Weirdness & Mutations

You have very sharp teeth.
Your uncanny sense of smell can sniff out nearby items.
Your experience applies equally to all skills.


Message History

Josephine is healed by the life force!
The wraith resists.
The wall freezes the wraith.
You destroy the wraith!
Sif Muna accepts your kill.
The wraith resists.
The wall freezes the wraith.
You destroy the wraith!
Sif Muna accepts your kill.
Unknown command.
You puncture Josephine!
Josephine is heavily wounded.
The wall freezes Josephine.
Josephine misses you.
You thump Josephine!
Josephine is severely wounded.
The wall freezes Josephine.
Josephine gestures at you while chanting.
The ghostly flame explodes!
The ghostly fireball engulfs you!!
You feel drained.
The ghostly fireball engulfs Josephine.
Josephine completely resists.
You hear a shout!
You hear an angry hiss.
You hear a shout! x3
You hear an angry hiss.
You are too injured to fight recklessly!
You are too injured to fight recklessly!
You are too injured to fight recklessly!
You are too injured to fight recklessly!
You barely miss Josephine.
Josephine is almost dead.
The wall freezes Josephine.
Josephine hits you but does no damage.
You hit Josephine.
Josephine is almost dead.
The frozen ramparts melt away.
Josephine misses you.
You hit Josephine.
Josephine is almost dead.
Josephine hits you with a +0 dagger.
You closely miss Josephine.
Josephine is almost dead.
Josephine hits you with a +0 dagger.
You hit Josephine.
Josephine is almost dead.
Josephine draws life force from you!!
You die...

#. ... ... ... ..
... ## #.##.#
#.#####.##.#
#..........# #
#.#........#.#
#.........@@.#
###.......##.#
..........# ..
##.......# #≈≈
#####.### .. #.#
. . #.###...<
#.######........
.≈≈≈≈≈≈
#.......#####...∆
≈.≈≈≈≈≈≈


You could see Josephine.

Vanquished Creatures
  A cyclops (D:11)
  A centaur skeleton (D:10)
  A troll (D:10)
  Grinder (D:4)
  2 wyverns
  12 yaks
  2 wraiths (D:11)
  Menkaure (D:6)
  A hornet zombie (D:9)
  A sky beast (D:10)
  2 orc warriors (D:6)
  A necrophage (D:10)
  An ice beast (D:7)
  5 ogres
  3 phantoms
  6 centaurs
  A kobold brigand (D:10)
  A wyvern zombie (D:9)
  3 bullfrogs
  Blork the orc (D:6)
  A gnoll sergeant (D:8)
  4 scorpions
  3 killer bees (D:10)
  A wight (D:6)
  5 howler monkeys
  An electric eel (D:11)
  A bullfrog zombie (D:8)
  A quasit (D:7)
  A centaur zombie (D:7)
  4 jellies
  4 orc priests
  Crazy Yiuf (D:5)
  3 hounds
  2 bullfrog skeletons
  2 iguanas
  Terence (D:2)
  5 orc wizards
  6 worker ants
  A hound zombie (D:9)
  A hound skeleton (D:4)
  A worker ant zombie (D:6)
  Robin (D:4)
  14 adders
  9 gnolls
  4 white imps
  2 ufetubi
  An ooze (D:1)
  5 worms
  2 dart slugs
  5 leopard geckos
  25 orcs
  4 ball pythons
  8 giant cockroaches
  15 goblins
  6 hobgoblins
  21 jackals
  A quokka (D:3)
  9 bats
  6 frilled lizards
  13 kobolds
  A quokka skeleton (D:8)
  14 rats
262 creatures vanquished.

Vanquished Creatures (collateral kills)
  A two-headed ogre (D:11)
  Psyche (D:8)
  A water elemental (D:11)
  2 wraiths (D:11)
  A yak (D:10)
  Edmund (D:6)
  An ogre (D:11)
  A bullfrog (D:10)
  2 kobold brigands (D:10)
  A killer bee (D:10)
  An electric eel (D:11)
  A hound (D:10)
  A jelly (D:10)
  A hound skeleton (D:11)
  An adder (D:8)
  A shadow imp (D:6)
  A quokka (D:11)
  5 kobolds (D:10)
24 creatures vanquished.

Vanquished Creatures (others)
  A gnoll (D:1)
  A frilled lizard (D:1)
  A rat (D:1)
3 creatures vanquished.

Grand Total: 289 creatures vanquished

Notes
Turn   | Place    | Note
-------+----------+-------------------------------------------
     0 | D:1      | robertstho the Gnoll Ice Elementalist began the quest for
                  | the Orb.
     0 | D:1      | Reached XP level 1. HP: 13/13 MP: 6/6
    42 | D:1      | Reached XP level 2. HP: 9/19 MP: 2/7
   648 | D:1      | Reached skill level 5 in Spellcasting
   648 | D:1      | Reached XP level 3. HP: 24/25 MP: 3/9
   743 | D:1      | Learned a level 3 spell: Frozen Ramparts
   747 | D:1      | Learned a level 3 spell: Ozocubu's Armour
  1208 | D:2      | Reached skill level 1 in Invocations
  1423 | D:2      | Reached skill level 1 in Fighting
  1423 | D:2      | Reached skill level 1 in Short Blades
  1423 | D:2      | Reached skill level 1 in Long Blades
  1423 | D:2      | Reached skill level 1 in Axes
  1423 | D:2      | Reached skill level 1 in Maces & Flails
  1423 | D:2      | Reached skill level 1 in Polearms
  1423 | D:2      | Reached skill level 1 in Staves
  1423 | D:2      | Reached skill level 1 in Slings
  1423 | D:2      | Reached skill level 1 in Bows
  1423 | D:2      | Reached skill level 1 in Crossbows
  1423 | D:2      | Reached skill level 1 in Throwing
  1423 | D:2      | Reached skill level 1 in Armour
  1423 | D:2      | Reached skill level 1 in Shields
  1423 | D:2      | Reached skill level 1 in Unarmed Combat
  1423 | D:2      | Reached skill level 1 in Evocations
  1465 | D:2      | Noticed a moth of wrath
  1468 | D:2      | Found a bloodstained altar of Trog.
  1544 | D:2      | Reached XP level 4. HP: 20/32 MP: 7/11
  1758 | D:2      | Noticed Terence
  1771 | D:2      | Killed Terence
  1772 | D:2      | Reached skill level 1 in Conjurations
  1772 | D:2      | Reached skill level 1 in Hexes
  1772 | D:2      | Reached skill level 1 in Summonings
  1772 | D:2      | Reached skill level 1 in Necromancy
  1772 | D:2      | Reached skill level 1 in Translocations
  1772 | D:2      | Reached skill level 1 in Transmutations
  1772 | D:2      | Reached skill level 1 in Fire Magic
  1772 | D:2      | Reached skill level 1 in Air Magic
  1772 | D:2      | Reached skill level 1 in Earth Magic
  1772 | D:2      | Reached skill level 1 in Poison Magic
  2350 | D:2      | Reached XP level 5. HP: 36/37 MP: 8/12
  3910 | D:4      | Reached XP level 6. HP: 44/44 MP: 13/13
  3915 | D:4      | Learned a level 4 spell: Hailstorm
  3920 | D:4      | Learned a level 4 spell: Summon Ice Beast
  4318 | D:4      | Noticed Grinder
  4322 | D:4      | Noticed Robin
  4324 | D:4      | Paralysed by Grinder for 4 turns
  4349 | D:4      | Killed Robin
  4357 | D:4      | Killed Grinder
  4358 | D:4      | Reached skill level 5 in Dodging
  4358 | D:4      | Reached XP level 7. HP: 16/50 MP: 10/15
  4692 | D:4      | Found a hazy altar of Hepliaklqana.
  5052 | D:5      | Entered Level 5 of the Dungeon
  5221 | D:5      | Reached skill level 5 in Stealth
  5425 | D:5      | Found a runed translucent door.
  5426 | D:5      | Noticed Crazy Yiuf
  5691 | D:5      | Found a basalt altar of Yredelemnul.
  5868 | D:5      | Killed Crazy Yiuf
  6181 | D:6      | Reached XP level 8. HP: 39/57 MP: 11/16
  6690 | D:6      | Found a staircase to the Ecumenical Temple.
  6707 | Temple   | Entered the Ecumenical Temple
  6970 | D:6      | Noticed Edmund
  6978 | D:6      | Killed Edmund
  7297 | D:6      | Noticed Menkaure
  7300 | D:6      | Found a shimmering blue altar of Sif Muna.
  7306 | D:6      | Killed Menkaure
  7312 | D:6      | Became a worshipper of Sif Muna the Loreminder
  7373 | D:6      | Found a shimmering altar of Xom.
  7376 | D:6      | Found a glowing silver altar of Zin.
  7461 | D:6      | Found a radiant altar of Vehumet.
  7549 | D:6      | Noticed Blork the orc
  7559 | D:6      | Reached XP level 9. HP: 39/65 MP: 8/18
  7628 | D:6      | Killed Blork the orc
  8060 | D:7      | Found an opulent altar of Gozag.
  8307 | D:7      | Found a blossoming altar of Fedhas.
  8374 | D:7      | Found Jackarri's Antique Weapon Emporium.
  8415 | D:7      | Found a broken altar of Ashenzari.
  8616 | D:8      | Found Xats's Antique Weapon Emporium.
  8781 | D:8      | Found Ydiuk's Antique Armour Boutique.
  8785 | D:8      | Found Buadehoh's Antique Weapon Shop.
  8814 | D:8      | Reached * piety under Sif Muna
  8815 | D:8      | Reached skill level 5 in Invocations
  8870 | D:8      | Bought an iridescent glaive for 345 gold pieces
  8870 | D:8      | Identified the +9 glaive of the Ship {vorpal, rC+} (You
                  | bought it in a shop on level 8 of the Dungeon)
  8916 | D:8      | Noticed Psyche
  8924 | D:8      | Killed Psyche
  8952 | D:8      | Reached XP level 10. HP: 73/73 MP: 20/20
  9194 | D:8      | Found Iphebick's Antique Armour Boutique.
  9376 | D:8      | Reached skill level 5 in Fighting
  9376 | D:8      | Reached skill level 5 in Short Blades
  9376 | D:8      | Reached skill level 5 in Long Blades
  9376 | D:8      | Reached skill level 5 in Axes
  9376 | D:8      | Reached skill level 5 in Maces & Flails
  9376 | D:8      | Reached skill level 5 in Polearms
  9376 | D:8      | Reached skill level 5 in Staves
  9376 | D:8      | Reached skill level 5 in Slings
  9376 | D:8      | Reached skill level 5 in Bows
  9376 | D:8      | Reached skill level 5 in Crossbows
  9376 | D:8      | Reached skill level 5 in Throwing
  9376 | D:8      | Reached skill level 5 in Armour
  9376 | D:8      | Reached skill level 5 in Shields
  9376 | D:8      | Reached skill level 5 in Unarmed Combat
  9376 | D:8      | Reached skill level 5 in Evocations
 11616 | D:10     | Entered Level 10 of the Dungeon
 11640 | D:10     | Reached ** piety under Sif Muna
 12349 | D:10     | Reached XP level 11. HP: 19/81 MP: 10/22
 13323 | D:11     | Reached *** piety under Sif Muna
 13588 | D:11     | Noticed a two-headed ogre
 13602 | D:11     | Killed a two-headed ogre
 13603 | D:11     | Reached skill level 5 in Conjurations
 13603 | D:11     | Reached skill level 5 in Hexes
 13603 | D:11     | Reached skill level 5 in Summonings
 13603 | D:11     | Reached skill level 5 in Necromancy
 13603 | D:11     | Reached skill level 5 in Translocations
 13603 | D:11     | Reached skill level 5 in Transmutations
 13603 | D:11     | Reached skill level 5 in Fire Magic
 13603 | D:11     | Reached skill level 5 in Air Magic
 13603 | D:11     | Reached skill level 5 in Earth Magic
 13603 | D:11     | Reached skill level 5 in Poison Magic
 13614 | D:11     | Noticed a cyclops
 13623 | D:11     | Killed a cyclops
 13797 | D:11     | Noticed Josephine
 13816 | D:11     | Killed from afar by Josephine

Illustrated notes

Levels and vault maps discovered:
D:1:      shiori_arrival_oz, layout_rooms
D:2:      layout_loops_corners, tgw_trog, uniq_terence
D:3:      layout_loops_cross
D:4:      layout_cave_pods, old_standard_altar, uniq_robin, uniq_grinder
D:5:      layout_basic, kennysheep_mini, uniq_crazy_yiuf_cottage
D:6:      layout_loops_cross, minitemple, minmay_temple_entry_mist,
          sword_in_stone, uniq_edmund, uniq_menkaure
D:7:      layout_cave_pools, nicolae_gozag_cash_rules_everything_around_me,
          evilmike_ruin_ashenzari, fedhas_ov_isle_minmay, serial_shops,
          nicolae_shop_crystal
D:8:      layout_basic, serial_shops, shop, shop_fountains, shop, shop,
          chequers_avenue, kennysheep_generic_room_12, uniq_psyche
D:9:      layout_loops_corners
D:10:     layout_irregular_city
D:11:     layout_basic, lair_entry_dummy, uniq_josephine
Temple:   minmay_temple_bridge_abc

Skill      XL: |  1  2  3  4  5  6  7  8  9 10 11 |
---------------+----------------------------------+-----
Spellcasting   | 5 6 7 8 |  8.1
Invocations    | 1 2 3 4 5 6 |  6.8
Fighting       | 1 2 3 4 5 6 |  6.2
Short Blades   | 1 2 3 4 5 6 |  6.2
Long Blades    | 1 2 3 4 5 6 |  6.2
Axes           | 1 2 3 4 5 6 |  6.2
Maces & Flails | 1 2 3 4 5 6 |  6.2
Polearms       | 1 2 3 4 5 6 |  6.2
Staves         | 1 2 3 4 5 6 |  6.2
Slings         | 1 2 3 4 5 6 |  6.2
Bows           | 1 2 3 4 5 6 |  6.2
Crossbows      | 1 2 3 4 5 6 |  6.2
Throwing       | 1 2 3 4 5 6 |  6.2
Armour         | 1 2 3 4 5 6 |  6.2
Shields        | 1 2 3 4 5 6 |  6.2
Unarmed Combat | 1 2 3 4 5 6 |  6.2
Evocations     | 1 2 3 4 5 6 |  6.2
Conjurations   | 1 2 3 4 5 |  5.1
Hexes          | 1 2 3 4 5 |  5.1
Summonings     | 1 2 3 4 5 |  5.1
Necromancy     | 1 2 3 4 5 |  5.1
Translocations | 1 2 3 4 5 |  5.1
Transmutations | 1 2 3 4 5 |  5.1
Fire Magic     | 1 2 3 4 5 |  5.1
Air Magic      | 1 2 3 4 5 |  5.1
Earth Magic    | 1 2 3 4 5 |  5.1
Poison Magic   | 1 2 3 4 5 |  5.1
Dodging        | 5 6 7 |  7.8
Stealth        | 5 6 7 |  7.6
Ice Magic      | 8 |  8.9

Action                   |  1- 3 |  4- 6 |  7- 9 | 10-12 || total
-------------------------+-------+-------+-------+-------++-------
Melee: Short sword       |    38 |   127 |       |       ||   165
       Bite              |     4 |     8 |    22 |    30 ||    64
       Dagger            |       |     4 |    13 |       ||    17
       Whip              |       |       |    71 |       ||    71
       Punch             |       |       |     1 |       ||     1
       Dire flail        |       |       |   143 |   287 ||   430
       Hand axe          |       |       |    24 |       ||    24
 Fire: Hunting sling     |    65 |       |       |       ||    65
 Cast: Freeze            |    12 |     9 |       |     2 ||    23
       Frozen Ramparts   |     2 |    25 |    17 |    10 ||    54
       Hailstorm         |       |     1 |    14 |    19 ||    34
       Ozocubu's Armour  |       |     1 |     6 |     2 ||     9
       Summon Ice Beast  |       |       |     9 |    23 ||    32
Invok: Channel Magic     |       |       |       |     1 ||     1
Evoke: Wand              |       |       |     1 |       ||     1
  Use: Potion            |       |     7 |     1 |       ||     8
       Scroll            |       |       |     9 |     8 ||    17
 Stab: Sleeping          |     8 |     7 |     7 |     5 ||    27
       Distracted        |       |       |       |     4 ||     4
Armor: Robe              |    18 |    60 |   121 |   173 ||   372
Dodge: Dodged            |    72 |   103 |   185 |   226 ||   586

Table legend: (Time is in decaauts)
 A = Elapsed time spent in this place.
 B = Non-inter-level travel time spent in this place.
 C = Inter-level travel time spent in this place.
 D = Time resting spent in this place.
 E = Time spent auto-exploring this place.
 F = Levels seen in this place.
 G = Mean time per level.
                   A        B        C        D        E       F      G
               +--------+--------+--------+--------+--------+-----+--------+
         Total |  13853 |  13496 |    357 |   1365 |   9843 |  12 | 1154.4 |
       Dungeon |  13658 |  13324 |    334 |   1365 |   9686 |  11 | 1241.6 |
        Temple |    195 |    172 |     23 |      0 |    157 |   1 |  195.0 |
               +--------+--------+--------+--------+--------+-----+--------+

Top non-repeatable levels by time:
     D:9: 1932 daAuts
     D:2: 1752 daAuts
    D:10: 1674 daAuts
     D:6: 1568 daAuts
     D:4: 1221 daAuts
     D:5: 1120 daAuts
     D:8: 1077 daAuts
     D:1: 1065 daAuts
     D:3: 1026 daAuts
     D:7: 691 daAuts
    D:11: 528 daAuts
  Temple: 195 daAuts
